 Dungeon Crawl Stone Soup version 0.22.2-1-ge965b3aba3 (webtiles) character file.

35 theanonym the Vexing (level 3, -2/26 HPs)
             Began as a Mummy Enchanter on Aug 31, 2021.
             Slain by a worker ant (4 damage)
             ... on level 2 of the Dungeon.
             The game lasted 00:02:05 (1987 turns).

theanonym the Vexing (Mummy Enchanter)              Turns: 1987, Time: 00:02:05

Health: -2/26      AC:  2    Str: 12    XL:     3   Next: 17%
Magic:  7/7        EV: 12    Int: 14    God:
Gold:   63         SH:  0    Dex: 12    Spells: 6/7 levels left

rFire    x . .     SeeInvis .   a - +1 dagger
rCold    + . .     Gourm    .   (no shield)
rNeg     + + +     Faith    .   b - +0 robe
rPois    ∞         Spirit   .   (no helmet)
rElec    .         Reflect  .   (no cloak)
rCorr    .         Harm     .   (no gloves)
MR       .....                  (no boots)
Stlth    +.........             (no amulet)
HPRegen  0.08/turn              e - ring of attention (curse)
MPRegen  0.10/turn              (no ring)

@: about to teleport
A: no food or potions, fire vulnerability, cold resistance 1, negative energy
resistance 3, torment resistance, unbreathing
a: no special abilities


Innate Abilities, Weirdness & Mutations

You do not eat or drink.
Your flesh is vulnerable to fire.
You are immune to poison.
Your flesh is cold resistant. (rC+)
You are immune to negative energy. (rN+++)
You are immune to unholy pain and torment.
You can survive without breathing.


   Skills:
 + Level 1.3 Fighting
 * Level 2.2 Short Blades
 - Level 1.5 Dodging
 - Level 2.4 Stealth
 - Level 2.6 Spellcasting
 - Level 2.6 Hexes


You had 6 spell levels left.
You knew the following spells:

 Your Spells              Type           Power        Failure   Level  Hunger
a - Corona                Hex            #......      8%          1    N/A

Your spell library contained the following spells:

 Spells                   Type           Power        Failure   Level  Hunger
 Ensorcelled Hibernation  Hex/Ice        #.....       19%         2    N/A
 Confuse                  Hex            #.......     22%         3    N/A
 Tukima's Dance           Hex            #.......     22%         3    N/A
 Dazzling Spray           Conj/Hex       #.....       36%         3    N/A

Skill      XL: |  1  2 |
---------------+-------+-----
Short Blades   | 1 2 |  2.2
Fighting       | 1 |  1.3
Dodging        | |  1.5
Stealth        | |  2.4
Spellcasting   | |  2.6
Hexes          | |  2.6

Action                   || total
-------------------------++-------
Melee: Dagger            ||   168
  Use: Scroll            ||     1
 Stab: Sleeping          ||     5
Armor: Robe              ||    65
Dodge: Dodged            ||   117

Inventory:

Hand Weapons
 a - a +1 dagger (weapon)
 i - a +1 mace of holy wrath
   (You found it on level 2 of the Dungeon)
Armour
 b - a +0 robe (worn)
Jewellery
 e - a cursed ring of attention (left hand)
   (You found it on level 1 of the Dungeon)
Scrolls
 d - 2 scrolls of identify {unknown}
 f - a scroll of noise {unknown}
 g - a scroll of enchant armour {unknown}
 h - a scroll of blinking {unknown}
 t - a scroll of teleportation {!r}


You were on level 2 of the Dungeon.
You were not hungry.

You visited 1 branch of the dungeon, and saw 2 of its levels.

You collected 63 gold pieces.

Dungeon Overview and Level Annotations

Branches:
Dungeon (2/15)

Altars:

##.## #...# #...# #.
#...# #.# .# ####
#...##### #.##. .....
........### #... ##.....
........†.###..# ....)..
........#.##...##.#.....
#....####.##....@.......
#....# #...#.##.a...####
#....# #............#
#....# #...#.##.....#
##.#.# #####.##.....#
...... .....###.# #
##..#.# .# #..#.# ..
#..... #


You could see a worker ant.

Notes
Turn   | Place    | Note
-------+----------+-------------------------------------------
     0 | D:1      | theanonym the Mummy Enchanter began the quest for the Orb.
     0 | D:1      | Reached XP level 1. HP: 13/13 MP: 4/4
    64 | D:1      | Reached skill level 1 in Short Blades
    65 | D:1      | HP: 6/13 [kobold/short sword (4)]
    72 | D:1      | HP: 3/13 [kobold/short sword (3)]
   510 | D:1      | Reached XP level 2. HP: 17/20 MP: 5/5
   776 | D:1      | Reached skill level 1 in Fighting
  1232 | D:1      | Reached skill level 2 in Short Blades
  1567 | D:2      | Reached XP level 3. HP: 20/26 MP: 7/7
  1807 | D:2      | HP: 13/26 [frilled lizard (3)]
  1976 | D:2      | HP: 12/26 [worker ant (7)]
  1981 | D:2      | HP: 8/26 [worker ant (1)]
  1984 | D:2      | HP: 3/26 [worker ant (4)]
  1987 | D:2      | Slain by a worker ant

Vanquished Creatures
  10 bats
  2 giant cockroaches
  2 hobgoblins
  3 kobolds
  5 frilled lizards
  4 goblins (D:1)
  A quokka zombie (D:2)
  11 rats (D:1)
38 creatures vanquished.

Table legend:
 A = Turns spent in this place as a percentage of turns spent in the entire game.
 B = Non-inter-level travel turns spent in this place as a percentage of non-inter-level travel turns spent in the entire game.
 C = Inter-level travel turns spent in this place as a percentage of turns spent in this place.
 D = Turns resting spent in this place as a percentage of non-inter-level travel turns spent in this place.
 E = Turns spent auto-exploring this place as a percentage of non-inter-level travel turns spent in this place.
 F = Non-inter-level travel turns spent in this place divided by the number of levels of this place that you've seen.
                   A       B       C       D       E      F
               +-------+-------+-------+-------+-------+----------------------
         Total | 100.0 | 100.0 |   0.7 |  41.8 |  41.8 | 987.0
       Dungeon | 100.0 | 100.0 |   0.7 |  41.8 |  41.8 | 987.0
               +-------+-------+-------+-------+-------+----------------------
